 Dungeon Crawl Stone Soup version 0.22.1-2-g9c5b331 (webtiles) character file.

78035 Fang the Severer (level 15, -6/101 HPs)
             Began as a Gargoyle Berserker on Dec 19, 2018.
             Was a High Priest of Trog.
             Mangled by an orc warrior
             ... wielding a +0 trident
              (16 damage)
             ... on level 1 of the Orcish Mines on Jan 2, 2019.
             The game lasted 00:39:56 (23441 turns).

Fang the Severer (Gargoyle Berserker)              Turns: 23441, Time: 00:39:57

Health: -6/101     AC: 35    Str: 27    XL:     15   Next: 58%
Magic:  15/15      EV: 11    Int: 10    God:    Trog [*****.]
Gold:   1638       SH:  2    Dex: 12    Spells: 14/14 levels left

rFire    + . .     SeeInvis .   N - +1 battleaxe (flame)
rCold    + + .     Gourm    .   (shield currently unavailable)
rNeg     + + +     Faith    .   n - +4 plate armour of the Battered Eyes {rPois Int+2 Dex+3}
rPois    ∞         Spirit   .   p - +2 helmet "Isuczix" {rC++ Stlth+}
rElec    +         Reflect  +   (no cloak)
rCorr    .         Harm     .   (no gloves)
MR       ++...                  (no boots)
Stlth    ..........             q - +2 amulet of reflection
HPRegen  0.26/turn              B - ring of positive energy
MPRegen  0.14/turn              l - ring "Ywnocvef" {rElec rF+ rN+ MR+}

@: flying
A: big wings, negative energy resistance 1, electricity resistance, unbreathing,
petrification resistance, rot immunity, AC +11
a: Stop Flying, Berserk, Trog's Hand, Brothers in Arms, Renounce Religion


You were on level 1 of the Orcish Mines.
You worshipped Trog.
Trog was extremely pleased with you.
You were not hungry.

You visited 5 branches of the dungeon, and saw 24 of its levels.
You also visited: Sewer.

You collected 1638 gold pieces.

Inventory:

Hand Weapons
 x - a +3 war axe of venom
 z - a +2 hand axe of electrocution
 N - a +1 battleaxe of flaming (weapon)
Armour
 n - the +4 plate armour of the Battered Eyes (worn) {rPois Int+2 Dex+3}
   (You found it on level 2 of the Lair of Beasts)

   It affects your intelligence (+2).
   It affects your dexterity (+3).
   It protects you from poison.
 p - the +2 helmet "Isuczix" (worn) {rC++ Stlth+}
   (You found it on level 8 of the Dungeon)

   It greatly protects you from cold.
   It makes you more stealthy.
 D - a +6 plate armour
Jewellery
 b - the ring of Aditub {*Tele rElec Dex+5}
   (You found it on level 1 of the Lair of Beasts)

   [ring of teleportation]

   It may teleport you next to monsters.
   It affects your dexterity (+5).
   It insulates you from electricity.
 l - the ring "Ywnocvef" (right hand) {rElec rF+ rN+ MR+}
   (You found it on level 13 of the Dungeon)

   [ring of positive energy]

   It protects you from fire.
   It insulates you from electricity.
   It protects you from negative energy.
   It affects your resistance to hostile enchantments.
 q - a +2 amulet of reflection (around neck)
 s - an uncursed ring of protection from magic
 B - a ring of positive energy (left hand)
 O - a +5 ring of strength
Wands
 u - a wand of paralysis (49)
 w - a wand of enslavement (7)
 y - a wand of iceblast (27)
 A - a wand of acid (7)
 C - a wand of flame (92)
 I - a wand of random effects (26)
 L - a wand of digging (27)
 M - a wand of disintegration (7)
Scrolls
 a - 7 scrolls of teleportation
 d - 6 scrolls of identify
 e - 2 scrolls of fear
 o - 7 scrolls of remove curse
 t - 2 scrolls of blinking
 J - 2 scrolls of brand weapon
 K - 2 scrolls of magic mapping
Potions
 f - 2 potions of brilliance
 g - a potion of mutation
 h - 7 potions of ambrosia
 i - 4 potions of invisibility
 j - 4 potions of haste
 k - 15 potions of curing
 m - 4 potions of heal wounds
 v - 3 potions of agility
 E - 3 potions of magic
 F - 4 potions of lignification
 G - a potion of might
 H - a potion of berserk rage
 P - a potion of cancellation
Comestibles
 c - 34 rations


   Skills:
 + Level 14.6 Fighting
 + Level 16.2 Axes
 + Level 14.3 Armour
 + Level 5.9 Dodging
 + Level 3.4 Stealth


You had 14 spell levels left.
You didn't know any spells.
Your spell library was empty.

Dungeon Overview and Level Annotations

Branches:
Dungeon (15/15)            Temple (1/1) D:6            Lair (6/6) D:10
  Swamp (0/4) Lair:4        Snake (0/4) Lair:4        Slime (0/5) Lair:5
    Orc (1/2) D:9          Vaults (0/5) D:13         Depths (1/5) D:15

Altars:
Sif Muna
Trog
Uskayaw
Yredelemnul
The Shining One
Beogh
Jiyva

Shops:
D:7 *   D:8 !   D:15 %

Portals:
Trove: D:11 (give +4 fire dragon scales)

Annotations:
Lair:5 exclusion: oklob plant


Innate Abilities, Weirdness & Mutations

You are resistant to torment.
Your stone body is resilient. (AC +11)
You are immune to poison.
Your large and strong wings let you fly indefinitely.
You resist negative energy. (rN+)
You are resistant to electric shocks. (rElec)
You can survive without breathing.
You are immune to petrification.
You are immune to rotting.


Message History

Unknown command.
You are too injured to fight recklessly!
Unknown command.
The ettin hits you but does no damage. x2
The orc warrior hits you from afar with a trident!!
* * * LOW HITPOINT WARNING * * *
You see here a tomahawk.
The orc priest calls down the wrath of Beogh upon you.
Beogh smites you!
* * * LOW HITPOINT WARNING * * *
You hear a shout!
There is a staircase back to the Dungeon here.
You feel much better. The ettin hits you with a dire flail!
The ettin hits you with a dire flail!!
* * * LOW HITPOINT WARNING * * *
The orc knight hits you but does no damage.
The orc priest looks braver for a moment.
The gnoll sergeant hits you but does no damage.
The orc warrior hits you from afar with a trident!
You die...

.........
#.........
#....o###.
#.....#(#. ##.
###.....###.
#...##.o.........
#..#....oo.$.....
......>@Cg.......
#.......o.#......
##.....#(## .#...
#.#....... # $
...........
..##...#.... .
##...#.... ....
....#


You could see 2 orc knights, an ettin, an orc warrior, a gnoll sergeant, an
enchanted triple sword, an orc priest and an orc.

Vanquished Creatures
  Rupert (D:14)
  Gastronok (Lair:3)
  Agnes (D:14)
  Kirke (Lair:6)
  5 hydras
  Harold (D:10)
  5 death yaks (Lair:5)
  2 ogre magi
  9 two-headed ogres
  Urug (Lair:1)
  4 tengu warriors
  Nergalle (Lair:3)
  Sonja (Lair:3)
  A wizard (D:13)
  An unseen horror (D:15)
  Pikel (D:5)
  The ghost of MetaCosm the Skirmisher, a novice FoFi of Cheibriados (D:6)
  2 deep elf magi (D:15)
  7 ugly things
  A cyclops (D:15)
  2 orc sorcerers (D:15)
  2 black mambas
  A naga mage (D:15)
  6 elephants (Lair:3)
  4 centaur zombies
  4 centaur skeletons
  23 spiny frogs
  3 kobold demonologists
  A rime drake (Lair:2)
  7 komodo dragons
  A tengu conjurer (D:15)
  4 trolls
  A polar bear (Lair:6)
  A wolf spider simulacrum (D:14)
  3 meliai (D:15)
  Grinder (D:5)
  2 tyrant leeches (Lair:6)
  A wind drake (shapeshifter) (D:14)
  3 slime creatures (D:14)
  13 dream sheep
  16 blink frogs
  10 hippogriffs
  Sigmund (D:2)
  A shadow (D:15)
  2 wraiths (D:13)
  20 yaks
  3 basilisks
  3 hogs (Lair:6)
  A vampire (D:12)
  3 fire bats (Lair:5)
  4 hungry ghosts
  5 vampire mosquitoes (Lair:6)
  3 nagas (Lair:4)
  A soldier ant (D:11)
  2 acid dragons
  Edmund (D:5)
  5 porcupines
  12 water moccasins
  7 sky beasts
  7 orc warriors
  An eye of draining (D:12)
  2 slaves (D:5)
  A black bear (D:10)
  4 ice beasts
  3 phantoms
  6 ogres
  9 wolves
  3 centaurs
  11 crocodiles
  16 big kobolds
  26 bullfrogs
  A wyvern skeleton (D:9)
  A scorpion (D:5)
  4 wights (D:12)
  2 howler monkeys
  4 electric eels
  4 crimson imps
  5 bullfrog zombies
  3 jellies
  A quasit (D:13)
  2 hounds
  2 bullfrog skeletons
  3 orc priests
  A gnoll shaman (D:6)
  4 orc wizards
  Ijyb (D:5)
  An iguana (D:6)
  8 worker ants
  A spectral hound (D:11)
  2 hound skeletons
  A hound zombie (D:9)
  2 howler monkey zombies
  A howler monkey skeleton (D:3)
  2 worker ant zombies
  11 adders
  3 gnolls (D:6)
  4 shadow imps
  2 adder skeletons (D:4)
  2 worms
  A dart slug (D:1)
  2 leopard geckos
  33 orcs
  2 ball pythons
  12 giant cockroaches
  5 hobgoblins
  10 jackals
  28 kobolds
  2 quokkas
  12 bats
  4 frilled lizards
  8 goblins
  A jackal skeleton (D:4)
  A leopard gecko skeleton (D:5)
  A quokka skeleton (D:9)
  13 rats
  A spectral orc (D:4)
  3 fungi
  4 plants
540 creatures vanquished.

Vanquished Creatures (collateral kills)
  Nessos (D:13)
  A hydra (Lair:6)
  A centaur warrior (D:13)
  2 ugly things (D:13)
  4 spiny frogs (Lair:6)
  A komodo dragon (Lair:6)
  A troll (D:14)
  4 blink frogs (Lair:6)
  2 tyrant leeches (Lair:6)
  A vampire mosquito (Lair:6)
  An orc warrior (D:9)
  3 bullfrogs (Lair:6)
  2 orc priests (D:9)
  13 orcs (D:9)
37 creatures vanquished.

Vanquished Creatures (others)
  An ogre mage (Depths:1)
  3 two-headed ogres (Depths:1)
  3 ogres (Depths:1)
  A leopard gecko (D:5)
  An orc (D:13)
  4 fungi
  45 plants
58 creatures vanquished.

Grand Total: 635 creatures vanquished

Notes
Turn   | Place    | Note
-------+----------+-------------------------------------------
     0 | D:1      | Fang the Gargoyle Berserker began the quest for the Orb.
     0 | D:1      | Reached XP level 1. HP: 14/14 MP: 1/1
   253 | D:1      | Reached XP level 2. HP: 19/19 MP: 2/2
   281 | D:1      | Reached skill level 3 in Axes
   656 | D:1      | Reached XP level 3. HP: 19/23 MP: 3/3
   969 | D:2      | Reached ** piety under Trog
  1079 | D:2      | Reached XP level 4. HP: 18/29 MP: 4/4
  1563 | D:2      | Noticed Sigmund
  1572 | D:2      | Killed Sigmund
  1572 | D:2      | Reached skill level 4 in Axes
  1572 | D:2      | Reached skill level 1 in Stealth
  1572 | D:2      | Reached XP level 5. HP: 34/34 MP: 5/5
  1572 | D:2      | Reached XP level 6. HP: 39/39 MP: 6/6
  2284 | D:3      | Reached *** piety under Trog
  2700 | D:3      | Found a glowing drain.
  2711 | Sewer    | Entered a sewer
  2760 | Sewer    | Reached skill level 5 in Axes
  2794 | Sewer    | Reached XP level 7. HP: 44/44 MP: 7/7
  4455 | D:4      | Found a basalt altar of Yredelemnul.
  4529 | D:4      | Reached skill level 6 in Axes
  4643 | D:5      | Entered Level 5 of the Dungeon
  4653 | D:5      | Reached **** piety under Trog
  4698 | D:5      | Reached skill level 5 in Fighting
  4735 | D:5      | Noticed Grinder
  4737 | D:5      | Noticed Ijyb
  4747 | D:5      | Killed Grinder
  4747 | D:5      | Reached XP level 8. HP: 36/49 MP: 8/8
  4749 | D:5      | Killed Ijyb
  4765 | D:5      | Reached skill level 7 in Axes
  4912 | D:5      | Noticed Edmund
  4934 | D:5      | Killed Edmund
  5147 | D:5      | Noticed Pikel
  5195 | D:5      | Killed Pikel
  5195 | D:5      | Reached skill level 8 in Axes
  5195 | D:5      | Reached skill level 5 in Armour
  5195 | D:5      | Reached XP level 9. HP: 55/55 MP: 9/9
  5747 | D:6      | Found a runed gate.
  5845 | D:6      | Found a staircase to the Ecumenical Temple.
  5855 | Temple   | Entered the Ecumenical Temple
  5892 | D:6      | Noticed a kobold demonologist
  5894 | D:6      | Found a runed gate.
  5895 | D:6      | Found a runed gate.
  5908 | D:6      | Noticed MetaCosm's ghost (novice FoFi)
  6164 | D:7      | Found a deep blue altar of Sif Muna.
  6344 | D:7      | Found Roufots's Assorted Antiques.
  6359 | D:7      | Found a glowing golden altar of the Shining One.
  6586 | D:8      | Reached skill level 9 in Axes
  6808 | D:8      | Noticed a three-headed hydra
  6812 | D:8      | Killed a one-headed hydra
  6812 | D:8      | Reached skill level 10 in Axes
  6812 | D:8      | Reached XP level 10. HP: 59/63 MP: 10/10
  6925 | D:8      | Found Vuatat's Distillery.
  6963 | D:8      | Noticed a green ugly thing
  6981 | D:8      | Killed a green ugly thing
  7194 | D:8      | Got a warped helmet
  7200 | D:8      | Identified the +2 helmet "Isuczix" {rC++ Stlth+} (You found
                  | it on level 8 of the Dungeon)
  7384 | D:9      | Reached ***** piety under Trog
  7689 | D:9      | Found a roughly hewn altar of Beogh.
  7689 | D:9      | Found a staircase to the Orcish Mines.
  7699 | D:9      | Reached skill level 11 in Axes
  7700 | D:9      | Received a gift from Trog
  8098 | D:10     | Entered Level 10 of the Dungeon
  8517 | D:10     | Noticed Harold
  8540 | D:10     | Killed Harold
  8540 | D:10     | Reached XP level 11. HP: 45/69 MP: 11/11
  8910 | D:10     | Found a staircase to the Lair.
  9201 | D:11     | Found a portal to a secret trove of treasure.
  9465 | D:11     | Reached skill level 12 in Axes
  9611 | D:11     | Noticed a red ugly thing
  9621 | D:11     | Killed a red ugly thing
  9809 | D:11     | Noticed a purple ugly thing
  9826 | D:11     | Killed a purple ugly thing
 10390 | D:6      | Killed MetaCosm's ghost
 10860 | Lair:1   | Entered Level 1 of the Lair of Beasts
 11184 | Lair:1   | Reached XP level 12. HP: 76/76 MP: 12/12
 11212 | Lair:1   | Got a shimmering amber ring
 11225 | Lair:1   | Noticed Urug
 11255 | Lair:1   | Killed Urug
 11255 | Lair:1   | Reached skill level 13 in Axes
 11804 | Lair:2   | Reached skill level 10 in Fighting
 12505 | Lair:2   | Got an ancient plate armour
 12516 | Lair:2   | Identified the +4 plate armour of the Battered Eyes {rPois
                  | Int+2 Dex+3} (You found it on level 2 of the Lair of
                  | Beasts)
 12667 | Lair:3   | Reached skill level 10 in Armour
 12740 | Lair:3   | Identified the ring of Aditub {*Tele rElec Dex+5} (You
                  | found it on level 1 of the Lair of Beasts)
 12760 | Lair:3   | Noticed Gastronok
 12785 | Lair:3   | Killed Gastronok
 12948 | Lair:3   | Noticed Sonja
 13032 | Lair:3   | Killed Sonja
 13032 | Lair:3   | Reached skill level 14 in Axes
 13107 | Lair:3   | Reached XP level 13. HP: 22/83 MP: 13/13
 13780 | Lair:3   | Noticed Nergalle
 13817 | Lair:3   | Killed Nergalle
 14274 | Lair:4   | Found a staircase to the Swamp.
 14373 | Lair:4   | Found a staircase to the Snake Pit.
 14936 | Lair:5   | Reached skill level 5 in Dodging
 15570 | Lair:5   | Found a staircase to the Slime Pits.
 15641 | Lair:5   | Found a viscous altar of Jiyva.
 16195 | Lair:6   | Entered Level 6 of the Lair of Beasts
 16202 | Lair:6   | Noticed Kirke
 16211 | Lair:6   | Killed Kirke
 16405 | Lair:6   | Gained mutation: Your large and strong wings let you fly
                  | indefinitely. [Gargoyle growth]
 16405 | Lair:6   | Reached XP level 14. HP: 55/92 MP: 14/14
 16503 | Lair:6   | Received a gift from Trog
 16503 | Lair:6   | Reached skill level 15 in Axes
 19972 | D:13     | Got a wavering steel ring
 20091 | D:13     | Found a gate to the Vaults.
 20138 | D:13     | Noticed Nessos
 20163 | D:13     | Killed Nessos
 20692 | D:14     | Noticed Agnes
 20724 | D:14     | Killed Agnes
 20724 | D:14     | Reached XP level 15. HP: 51/100 MP: 15/15
 21329 | D:14     | Received a gift from Trog
 21515 | D:14     | Noticed Rupert
 21527 | D:14     | Killed Rupert
 22182 | D:15     | Entered Level 15 of the Dungeon
 22200 | D:15     | Identified the ring "Ywnocvef" {rElec rF+ rN+ MR+} (You
                  | found it on level 13 of the Dungeon)
 22898 | D:15     | Found Eguimig's Food Shop.
 22947 | D:15     | Reached skill level 16 in Axes
 23162 | D:15     | Found a staircase to the Depths.
 23218 | Depths:1 | Entered Level 1 of the Depths
 23428 | Orc:1    | Entered Level 1 of the Orcish Mines
 23441 | Orc:1    | Mangled by an orc warrior

Skill      XL: |  1  2  3  4  5  6  7  8  9 10 11 12 13 14 15 |
---------------+----------------------------------------------+-----
Axes           | 3 4 5 6 8 10 11 12 14 15 16 | 16.2
Fighting       | 4 5 7 8 9 10 12 14 | 14.6
Dodging        | 2 3 4 5 |  5.9
Stealth        | 1 2 3 |  3.4
Armour         | 3 5 6 7 9 10 12 13 14 | 14.3

Action                   |  1- 3 |  4- 6 |  7- 9 | 10-12 | 13-15 || total
-------------------------+-------+-------+-------+-------+-------++-------
Melee: Hand axe          |   107 |   188 |   248 |   736 |  1034 ||  2313
       War axe           |       |       |   131 |       |       ||   131
       Battleaxe         |       |       |       |       |   169 ||   169
Invok: Berserk           |     1 |     1 |     4 |     3 |     9 ||    18
       Brothers in Arms  |       |       |       |     1 |     6 ||     7
 Abil: Fly               |       |       |       |       |     1 ||     1
  Use: Scroll            |       |       |       |    30 |    13 ||    43
       Potion            |       |       |       |     1 |    15 ||    16
 Stab: Sleeping          |     2 |     1 |       |       |       ||     3
  Eat: Chunk             |     1 |     7 |    14 |    19 |    40 ||    81
       Ration            |       |       |     1 |     2 |     3 ||     6
Armor: Animal skin       |    23 |    17 |       |       |       ||    40
       Chain mail        |       |   107 |   171 |       |       ||   278
       Plate armour      |       |       |    68 |   480 |   909 ||  1457
       Skin              |       |       |       |    31 |       ||    31
Dodge: Dodged            |    84 |   113 |   159 |   265 |   578 ||  1199
Block: Other             |       |       |    15 |    53 |    77 ||   145
       Reflection        |       |       |     1 |       |     1 ||     2
